Map: Ley Lines

Players

lllllllll - Winner!

  • Race: Zerg Zerg
  • League: Master
  • Spawn Location: 1:00

ManlyManMeat

  • Race: Zerg Zerg
  • League: Diamond
  • Spawn Location: 7:00

VOD

Have the link to the VOD?

Description

Time

  • Played on: July 2, 2025, 8:03 a.m.
  • Length: 6:49
Show
View Real Time Build Order
Export as new Build Order

lllllllll Zerg - Winner!

Build Orders: Hatch First 

Get SALT Encoding   

  12  0:01  Drone  
  13  0:09  Drone  
  14  0:15  Extractor  
  14  0:16  Drone  
  15  0:21  Overlord  
  15  0:40  Drone x2  
  17  0:49  Hatchery  
  16  0:52  Drone  
  16  0:56  Drone  
  18  1:07  Extractor  
  17  1:11  Spawning Pool  
  17  1:14  Drone  
  17  1:17  Drone  
  18  1:27  Drone  
  19  1:39  Overlord  
  19  1:48  Drone  
  20  2:00  Queen  
  20  2:01  Queen  
  22  2:02  Drone x2  
  26  2:18  Hatchery  
  25  2:23  Drone  
  25  2:24  Drone  
  25  2:28  Drone  
  28  2:30  Drone  
  28  2:35  Overlord  
  29  2:45  Roach Warren  
  29  2:49  Overlord  
  28  2:52  Drone  
  28  2:54  Drone  
  28  2:57  Drone  
  31  3:01  Zergling x2  
  31  3:05  Zergling x2  
  33  3:23  Overlord  
  33  3:25  Roach x5  
  43  3:36  Drone  
  43  3:37  Drone x3  
  43  3:39  Roach x2  
  51  3:46  Lair  
  51  3:58  Drone x4  
  51  3:59  Extractor  
  54  4:03  Drone x3, Extractor  
  54  4:05  Drone  
  54  4:06  Drone  
  58  4:18  Roach  
  58  4:19  Roach x3  
  66  4:32  Overlord, Evolution Chamber  
  66  4:33  Overlord, Evolution Chamber  
  64  4:40  Roach  
  64  4:43  Overlord x2  
  66  4:47  Overlord  
  66  4:54  Roach x2  
  66  4:57  Roach  
  72  5:03  Glial Reconstitution  
  72  5:07  Drone  
  65  5:17  Drone x5  
  63  5:27  Drone x3  
  63  5:28  Drone  
  66  5:35  Roach x2  
  70  5:41  Roach  
  70  5:42  Roach  
  72  5:48  Roach x2  
  74  5:54  Roach x3  
  80  6:01  Extractor  
  80  6:04  Roach x3  
  85  6:20  Drone x7  
  85  6:23  Overlord  
Show
View Real Time Build Order
Export as new Build Order

ManlyManMeat Zerg 

Build Orders: Hatch First, Zergling Baneling 

Get SALT Encoding   

  12  0:00  Drone  
  13  0:08  Drone  
  14  0:14  Extractor  
  14  0:15  Drone  
  15  0:26  Overlord  
  15  0:45  Hatchery  
  15  0:46  Drone  
  15  0:56  Drone x2  
  17  1:01  Drone  
  18  1:11  Extractor  
  18  1:15  Spawning Pool  
  18  1:18  Drone  
  17  1:24  Drone  
  18  1:32  Drone  
  19  1:40  Drone  
  20  2:02  Queen x2  
  20  2:03  Zergling x4  
  20  2:06  Overlord  
  26  2:12  Metabolic Boost  
  26  2:19  Drone x2  
  28  2:23  Evolution Chamber  
  28  2:28  Drone, Extractor  
  27  2:31  Drone  
  27  2:36  Drone  
  29  2:45  Drone x2  
  29  2:49  Baneling Nest  
  30  2:52  Drone  
  30  2:53  Drone  
  30  2:56  Zergling x2  
  33  3:05  Drone  
  34  3:06  Drone  
  34  3:10  Overlord  
  35  3:17  Zerg Ground Armor Level 1  
  35  3:31  Zergling x10  
  40  3:41  Baneling x3  
  40  3:42  Zergling x4  
  40  3:45  Baneling  
  40  3:46  Baneling x2  
  42  3:49  Overlord  
  42  4:01  Overlord x2  
  42  4:14  Zergling x4  
  44  4:21  Zergling x10  
  49  4:36  Drone  
  49  4:37  Overlord x2  
  50  4:38  Zergling x4  
  50  4:39  Zergling x2  
  53  4:47  Baneling x2  
  53  4:48  Zergling x2, Baneling  
  53  4:51  Zergling x2  
  53  4:52  Zergling x2  
  56  5:01  Zergling x12  
  52  5:20  Zergling x6  
  48  5:28  Zergling x6  
  48  5:31  Zergling x10  
  48  5:52  Zergling x8  
  49  6:05  Baneling x2  
  49  6:09  Zergling x4  
  51  6:16  Zergling x4  
  53  6:27  Hatchery  
Tags
 
Matchup
ZvZ
Race
Zerg
Replay Pack
Myownreplay2
Spawn Locations
Cross Positions
Add a new tag
Caveats
  • Supply blocks, unpowered buildings, or Contaminate may cause inaccurate times.
  • Supply counts are checked every 10 seconds.